 Dungeon Crawl Stone Soup version 0.28.0-53-g5a82cb258f (webtiles) character file.

Game seed: 666076396447542321

120 LynnLen the Sneak (level 4, 0/30 HPs)
             Began as a Vampire Enchanter on Aug 1, 2022.
             Slain by Terence
             ... wielding a +0 flail of holy wrath
              (6 damage)
             ... on level 2 of the Dungeon.
             The game lasted 00:08:04 (2022 turns).

LynnLen the Sneak (Vampire Enchanter)               Turns: 2022, Time: 00:08:05

Health: 0/30       AC:  3    Str:  7    XL:     4   Next: 75%
Magic:  2/7        EV: 12    Int: 17    God:
Gold:   45         SH:  0    Dex: 16    Spells: 1/7 levels left

rFire   . . .      SeeInvis +   a - +2 dagger
rCold   . . .      Faith    .   (no shield)
rNeg    . . .      Spirit   .   g - +0 leather armour
rPois   .          Reflect  .   (no helmet)
rElec   .          Harm     .   (no cloak)
rCorr   .          Rampage  .   (no gloves)
Will    .....                   (no boots)
Stlth   +++.......              (no amulet)
HPRegen 0.30/turn               (no ring)
MPRegen 0.10/turn               (no ring)

@: healing quickly
A: alive, fangs 3, see invisible, vampiric 2
a: Exsanguinate


You were on level 2 of the Dungeon.
You visited 1 branch of the dungeon, and saw 2 of its levels.

You collected 45 gold pieces.

Inventory:

Hand Weapons
 a - a +2 dagger (weapon)
Missiles
 e - 3 curare-tipped darts (quivered)
Armour
 b - a +0 robe
 g - a +0 leather armour (worn)
Scrolls
 h - a scroll of identify {unknown}
Potions
 c - a potion of invisibility
 d - a potion of attraction {unknown}
 f - 2 potions of curing


   Skills:
 * Level 3.4 Short Blades
 * Level 3.3 Dodging
 + Level 5.9 Stealth
 - Level 2.0 Spellcasting
 - Level 4.4 Hexes


You had one spell level left.
You knew the following spells:

 Your Spells              Type           Power      Damage    Failure   Level
a - Confusing Touch       Hex            16%        N/A       14%         3
b - Tukima's Dance        Hex            16%        N/A       14%         3

Your spell library contained the following spells:

 Spells                   Type           Power      Damage    Failure   Level
 Ensorcelled Hibernation  Hex/Ice        18%        N/A       19%         2
 Dazzling Flash           Conj/Hex       18%        N/A       34%         3


Dungeon Overview and Level Annotations

Branches:
Dungeon (2/15)

Altars:

Shops:
D:2 =

Annotations:
D:2 1 runed translucent door, Crazy Yiuf, Terence


Innate Abilities, Weirdness & Mutations

Your natural rate of healing is accelerated.
You have razor-sharp teeth.
You have supernaturally acute eyesight. (SInv)
You are afflicted with vampirism and can become a bat while bloodless.


Message History

The helpless goblin fails to defend itself.
You perforate the goblin like a sieve!!!
You kill the goblin!
Casting: Confusing Touch (quite dangerous; 14% risk of failure)
Confirm with . or Enter, or press ? or * to list all spells.
The spell is quite dangerous to miscast (14% risk of failure)!
Continue anyway?
You miscast Confusing Touch.
You are very lightly contaminated with residual magic.
Nothing appears to happen.
Terence shouts!
Casting: Confusing Touch (quite dangerous; 14% risk of failure)
Confirm with . or Enter, or press ? or * to list all spells.
You don't know that spell.
Casting: Confusing Touch (quite dangerous; 14% risk of failure)
Confirm with . or Enter, or press ? or * to list all spells.
The spell is quite dangerous to miscast (14% risk of failure)!
Continue anyway?
Your hands begin to glow red.
You hit Terence but do no damage.
Terence appears confused.
Terence drinks a potion.
Terence seems less confused.
You closely miss Terence. Your bite misses Terence. Terence barely misses you.
You hit Terence but do no damage. You hit Terence but do no damage.
Terence barely misses you.
You barely miss Terence. Your bite misses Terence.
Terence hits you with a +0 flail of holy wrath!
You convulse!
You hit Terence but do no damage. Terence closely misses you.
Your magical contamination has completely faded away.
You hit Terence.
Terence is lightly wounded.
Terence hits you with a +0 flail of holy wrath.
You convulse.
You hit Terence.
Terence is lightly wounded.
Terence hits you but does no damage.
You hit Terence but do no damage.
Terence is lightly wounded.
Terence hits you with a +0 flail of holy wrath.
* * * LOW HITPOINT WARNING * * *
You convulse.
You die...

## ##.## ####.(.#####
##)>.........
#....@@...#
#..........#
#............
##........###
##.......#
#####.##.##...
#.....######### #
#.#####.......#####.#
#.# #.......##...


You could see Terence.

Vanquished Creatures
  Jessica (D:2)
  3 adders (D:2)
  A worm (D:2)
  5 dart slugs
  4 ball pythons
  7 endoplasms
  4 giant cockroaches
  4 goblins
  2 hobgoblins (D:1)
  2 jackals (D:1)
  4 quokkas (D:1)
  3 bats
  4 frilled lizards
  5 kobolds
  5 rats
54 creatures vanquished.

Notes
Turn   | Place    | Note
-------+----------+-------------------------------------------
     0 | D:1      | LynnLen the Vampire Enchanter began the quest for the Orb.
     0 | D:1      | Reached XP level 1. HP: 13/13 MP: 3/3
   181 | D:1      | Reached XP level 2. HP: 19/19 MP: 5/5
   226 | D:1      | Reached skill level 5 in Stealth
   564 | D:1      | Gained mutation: You are afflicted with vampirism and can
                  | become a bat while bloodless. [Vampire growth]
   564 | D:1      | Reached XP level 3. HP: 23/24 MP: 6/6
   573 | D:1      | Learned a level 3 spell: Confusing Touch
   577 | D:1      | Learned a level 3 spell: Tukima's Dance
  1270 | D:2      | Found a faded altar of an unknown god.
  1314 | D:2      | Found Cabrepn's Jewellery Boutique.
  1384 | D:2      | Noticed Jessica
  1395 | D:2      | Killed Jessica
  1396 | D:2      | Reached XP level 4. HP: 17/30 MP: 7/7
  1864 | D:2      | Found a runed translucent door.
  1865 | D:2      | Noticed Crazy Yiuf
  1971 | D:2      | Noticed Terence
  2022 | D:2      | Slain by Terence

Illustrated notes

Levels and vault maps discovered:
D:1:      doesnt_arrival_eight_statues, layout_rooms
D:2:      layout_loops_cross, chequers_ecumenical_altar_simple, serial_shops,
          nicolae_shop_crystal, minmay_statues_item, uniq_crazy_yiuf_cottage,
          uniq_terence, uniq_jessica

Skill      XL: |  1  2  3 |
---------------+----------+-----
Stealth        | 5 |  5.9
Short Blades   | 2 3 |  3.4
Dodging        | 3 |  3.3
Spellcasting   | |  2.0
Hexes          | |  4.4

Action                   |  1- 3 |  4- 6 || total
-------------------------+-------+-------++-------
Melee: Dagger            |   164 |    43 ||   207
       Bite              |    22 |     6 ||    28
       Punch             |     2 |       ||     2
 Cast: Confusing Touch   |     1 |     3 ||     4
  Use: Scroll            |     2 |       ||     2
 Stab: Sleeping          |     6 |     3 ||     9
       Confused          |     1 |     2 ||     3
Armor: Robe              |    15 |       ||    15
       Leather armour    |     8 |     7 ||    15
Dodge: Dodged            |    80 |    17 ||    97
